 Dungeon Crawl Stone Soup version 0.25-a0-290-g4a1327ee3a (webtiles) character file.

Game seed: 2457523785709750069, levelgen mode: deterministic

647 Anathary the Ruffian (level 7, 0/59 HPs)
             Began as a Ghoul Monk on Dec 14, 2019.
             Was a Believer of Trog.
             Slain by a kobold
             ... wielding a +0 club
              (5 damage)
             ... on level 4 of the Dungeon.
             The game lasted 00:11:26 (4249 turns).

Anathary the Ruffian (Ghoul Monk)                   Turns: 4249, Time: 00:11:27

Health: 0/59       AC:  2    Str: 17    XL:     7   Next: 52%
Magic:  15/15      EV: 13    Int:  8    God:    Trog [**....]
Gold:   140        SH:  0    Dex: 11    Spells: 6/6 levels left

rFire    . . .     SeeInvis .     - Unarmed
rCold    + . .     Gourm    .   (no shield)
rNeg     + + +     Faith    .   k - +0 robe (curse)
rPois    ∞         Spirit   .   (no helmet)
rElec    .         Reflect  .   (no cloak)
rCorr    .         Harm     .   (no gloves)
MR       .....                  (no boots)
Stlth    ++........             (no amulet)
HPRegen  0.00/turn              u - ring of magical power
MPRegen  0.14/turn              m - +3 ring of intelligence

@: rotting
A: rotting body, claws 1, carnivore, cold resistance 1, negative energy
resistance 3, inhibited regeneration, torment resistance, unbreathing
a: Trog's Hand, Renounce Religion


You were on level 4 of the Dungeon.
You worshipped Trog.
Trog was pleased with you.
You were not hungry.

You visited 1 branch of the dungeon, and saw 4 of its levels.

You collected 140 gold pieces.

Inventory:

Armour
 a - a +0 robe
 k - a cursed +0 robe (worn)
Jewellery
 m - a +3 ring of intelligence (right claw)
 u - a ring of magical power (left claw)
Wands
 p - a wand of polymorph (11)
Scrolls
 f - 4 scrolls of remove curse {unknown}
 i - a scroll of magic mapping {unknown}
 n - 4 scrolls of identify {unknown}
 o - 2 scrolls of teleportation {unknown}
 r - a scroll of blinking {unknown}
 t - a scroll of fear {unknown}
 v - a scroll of amnesia {unknown}
Potions
 c - a potion of ambrosia {unknown}
 d - a potion of heal wounds
 e - a potion of lignification {unknown}
 g - 3 potions of curing {unknown}
 h - a potion of haste {unknown}
 j - a potion of brilliance {unknown}
 l - 2 potions of might {unknown}
 q - a potion of magic {unknown}
 s - a potion of cancellation {unknown}
Comestibles
 b - 5 rations


   Skills:
 + Level 4.3 Fighting
 + Level 4.0 Dodging
 + Level 4.0 Stealth
 + Level 7.4 Unarmed Combat


You had 6 spell levels left.
You didn't know any spells.
Your spell library was empty.

Dungeon Overview and Level Annotations

Branches:
Dungeon (4/15)             Temple (0/1) D:4

Altars:
Fedhas
Makhleb
Ru
Trog
Zin


Innate Abilities, Weirdness & Mutations

Your body is rotting away.
You thrive on raw meat.
You are immune to poison.
You have sharp fingernails.
You are carnivorous and can eat meat at any time.
Your flesh is cold resistant. (rC+)
You are immune to negative energy. (rN+++)
You do not regenerate when monsters are visible.
You are immune to unholy pain and torment.
You can survive without breathing.


Message History

The kobold hits you with a +0 club.
* * * LOW HITPOINT WARNING * * *
The big kobold barely misses you.
You claw the big kobold! Your claw misses the big kobold.
The big kobold is almost dead.
The kobold misses you.
You scratch the big kobold but do no damage.
The big kobold is almost dead.
The big kobold misses you. The kobold misses you.
You closely miss the big kobold.
The big kobold is almost dead.
The big kobold hits you with a +0 club.
* * * LOW HITPOINT WARNING * * *
You claw the big kobold!
You kill the big kobold!
Trog accepts your kill.
Your Stealth skill increases to level 4!
The kobold hits you but does no damage. The kobold hits you with a +0 club.
You die...

#######..# #......#
##.## #.<....# #..#
###......# ##.##
###≈≈≈######
#..###≈≈≈≈≈≈≈≈≈#
##)##≈≈≈≈≈≈≈≈### #...#
#.)####≈≈≈### ...
#....)#####... ###
#.....@......######≈###
#..###K....###≈≈≈≈≈≈≈≈#
##...#######....≈≈≈≈≈≈≈
###.........##.#≈≈≈≈≈.
#######
#.###.######...)....
....[.##
#.###.######......##
8.8....#
#.#........#.>....#
....8..#
#..........#..(.###
.......###
#..........#...##


You could see a kobold.

Vanquished Creatures
  2 big kobolds (D:4)
  A bullfrog zombie (D:3)
  2 orc priests (D:3)
  A centaur skeleton (D:4)
  An orc wizard (D:3)
  Natasha (thrice) (D:3)
  Terence (D:3)
  4 worker ants
  5 adders
  A gnoll (D:1)
  2 oozes
  2 worms (D:3)
  4 dart slugs
  A leopard gecko (D:3)
  17 orcs
  A ball python (D:1)
  7 bats
  3 giant cockroaches
  3 goblins
  6 hobgoblins
  2 jackals (D:4)
  13 kobolds
  A frilled lizard (D:3)
  3 rats (D:3)
86 creatures vanquished.

Notes
Turn   | Place    | Note
-------+----------+-------------------------------------------
     0 | D:1      | Anathary the Ghoul Monk began the quest for the Orb.
     0 | D:1      | Reached XP level 1. HP: 19/19 MP: 0/0
   124 | D:1      | Reached XP level 2. HP: 22/26 MP: 1/1
   887 | D:1      | Reached XP level 3. HP: 31/31 MP: 2/2
  1180 | D:2      | Reached skill level 4 in Unarmed Combat
  1390 | D:2      | Reached XP level 4. HP: 28/38 MP: 3/3
  1483 | D:2      | Found a sacrificial altar of Ru.
  1958 | D:3      | Reached XP level 5. HP: 33/46 MP: 4/4
  1980 | D:3      | HP: 2/46 [dart slug/slug dart (4)]
  2318 | D:3      | Reached skill level 5 in Unarmed Combat
  2588 | D:3      | Reached XP level 6. HP: 36/50 MP: 5/5
  2706 | D:3      | Noticed Terence
  2715 | D:3      | Noticed Natasha
  2731 | D:3      | HP: 1/50 [Natasha/magic dart (10)]
  2732 | D:3      | Killed Terence
  2735 | D:3      | Killed Natasha
  2735 | D:3      | Reached skill level 6 in Unarmed Combat
  3033 | D:3      | Noticed Natasha
  3042 | D:3      | Killed Natasha
  3239 | D:3      | Noticed Natasha
  3253 | D:3      | Killed Natasha
  3688 | D:3      | Found a bloodstained altar of Trog.
  3688 | D:3      | Found a blossoming altar of Fedhas.
  3694 | D:3      | Became a worshipper of Trog the Wrathful
  3694 | D:3      | Reached * piety under Trog
  3694 | D:3      | Reached ** piety under Trog
  3734 | D:4      | Found a staircase to the Ecumenical Temple.
  3851 | D:4      | Found a glowing silver altar of Zin.
  3890 | D:4      | Found a burning altar of Makhleb.
  4065 | D:4      | Reached XP level 7. HP: 45/58 MP: 6/6
  4237 | D:4      | Reached skill level 7 in Unarmed Combat
  4249 | D:4      | Slain by a kobold

Levels and vault maps discovered:
D:1:      roderic_chinese_lattice_arrival, layout_basic, item_on_display_a
D:2:      layout_loops_cross, nicolae_ru_awakened_eye,
          chequers_serial_rivers_micro_d
D:3:      layout_loops_ring, gammafunk_temple_overflow_wave, uniq_terence,
          uniq_natasha
D:4:      cheibrodos_thug_alley, layout_basic, zin_statuary, bloody_makhleb

Skill      XL: |  1  2  3  4  5  6  7 |
---------------+----------------------+-----
Dodging        | 3 4 |  4.0
Unarmed Combat | 4 5 6 7 |  7.4
Stealth        | 3 4 |  4.0
Fighting       | 4 |  4.3

Action                   |  1- 3 |  4- 6 |  7- 9 || total
-------------------------+-------+-------+-------++-------
Melee: Unarmed           |    72 |   195 |    57 ||   324
       Punch             |     2 |     2 |     3 ||     7
 Stab: Sleeping          |     3 |     3 |       ||     6
  Eat: Chunk             |     4 |     7 |     1 ||    12
Armor: Robe              |     9 |    22 |     3 ||    34
Dodge: Dodged            |    48 |   102 |    32 ||   182

Table legend:
 A = Non-vault XP
 B = Vault XP
 C = Vault XP percentage of total XP
 D = Non-vault monster count
 E = Vault monster count
 F = Vault count percentage of total count
                 A         B        C        D         E       F
            +---------+---------+-------+---------+---------+-------
      Total |     642 |     283 |  30.6 |      74 |      12 |  14.0
            +---------+---------+-------+---------+---------+-------
        D:1 |      38 |       0 |   0.0 |      12 |       0 |   0.0
        D:2 |      50 |       0 |   0.0 |      10 |       0 |   0.0
        D:3 |     391 |      72 |  15.6 |      39 |       2 |   4.9
        D:4 |     163 |     211 |  56.4 |      13 |      10 |  43.5
            +---------+---------+-------+---------+---------+-------
